 Dungeon Crawl Stone Soup version 0.31-a0-237-g2d982f9f85 (webtiles) character file.

Game seed: 16424796995367404137

7511 BubbleThief the Artisan of Death (level 10, 0/83 HPs)
             Began as a Demonspawn Necromancer on July 12, 2023.
             Was a Priest of Kikubaaqudgha.
             Slain by a yak (6 damage)
             ... on level 10 of the Dungeon.
             The game lasted 00:27:30 (12491 turns).

BubbleThief the Artisan of Death (DsNe)            Turns: 12491, Time: 00:27:31

Health: 0/83       AC: 17    Str: 10    XL:     10   Next: 95%
Magic:  10/23      EV: 13    Int: 19    God:    Kikubaaqudgha [***...]
Gold:   559        SH:  0    Dex: 14    Spells: 13/27 levels left

rFire   . . .        H - +5 trident (protect)
rCold   . . .        (no shield)
rNeg    . . .        F - +0 steam dragon scales
rPois   .            (helmet restricted)
rElec   .            (no cloak)
rCorr   .            (no gloves)
SInv    +            (no boots)
Will    ++...        (no amulet)
Stlth   ++           u - ring of see invisible
HPRegen 0.33/turn    o - ring of willpower
MPRegen 0.18/turn

%: no passive effects
@: lethally poisoned (0 -> -13), sanguine armoured, enlightened, flying, slowed,
studying Dodging, very slow
A: antennae 1, powered by death 1, sanguine armour 3
a: Renounce Religion, Unearth Wretches


You were on level 10 of the Dungeon.
You worshipped Kikubaaqudgha.
Kikubaaqudgha was most pleased with you.
You visited 2 branches of the dungeon, and saw 11 of its levels.

You collected 559 gold pieces.

Inventory:

Hand Weapons
 H - a +5 trident of protection (weapon)
Missiles
 l - 3 datura-tipped darts
Armour
 F - +0 steam dragon scales (worn)
Jewellery
 o - a ring of willpower (right hand)
 u - a ring of see invisible (left hand)
 x - a ring of positive energy
 B - the amulet of No Interval {RegenMP *Corrode rF+++ rC- Int+4}
   (You found it on level 6 of the Dungeon)

   [amulet of magic regeneration]

   It increases your rate of magic regeneration.
   Int:       It affects your intelligence (+4).
   rF:        It renders you almost immune to fire.
   rC:        It makes you vulnerable to cold.
   *Corrode:  It may corrode you when you take damage.
Wands
 r - a wand of iceblast (7)
 w - a wand of flame (30)
Scrolls
 a - a scroll of enchant armour {unknown}
 c - a scroll of amnesia {unknown}
 f - 2 scrolls of blinking {unknown}
 j - 2 scrolls of poison {unknown}
 k - 4 scrolls of identify {unknown}
 m - a scroll of acquirement {unknown}
 p - 3 scrolls of teleportation {unknown}
 y - a scroll of silence {unknown}
 A - 4 scrolls of immolation {unknown}
 C - 2 scrolls of vulnerability {unknown}
 D - 2 scrolls of fear {unknown}
 E - 2 scrolls of enchant weapon {unknown}
 G - a scroll of noise {unknown}
Potions
 b - 3 potions of magic
 d - a potion of cancellation {unknown}
 e - 3 potions of curing {unknown}
 h - 2 potions of haste {unknown}
 i - a potion of attraction {unknown}
 n - 3 potions of enlightenment
 q - a potion of mutation {unknown}
 s - a potion of ambrosia {unknown}
 t - a potion of heal wounds {unknown}
 v - 2 potions of might {unknown}
 z - a potion of berserk rage {unknown}
 I - 2 potions of invisibility {unknown}
Miscellaneous
 g - a condenser vane


   Skills:
 - Level 9.0 Fighting
 + Level 4.1 Polearms
 + Level 3.8 Dodging
 - Level 1.7 Stealth
 - Level 9.0 Spellcasting
 - Level 11.0 Necromancy


You had 13 spell levels left.
You knew the following spells:

 Your Spells              Type           Power      Damage    Failure   Level
a - Necrotise             Necr           100%       1d9       1%          1
b - Vampiric Draining     Necr           50%        2d9       1%          3
c - Animate Dead          Necr           50%        N/A       1%          4
d - Sublimation of Blood  Necr           50%        N/A       1%          2
e - Dispel Undead         Necr           50%        3d19      1%          4

Your spell library contained the following spells:

 Spells                   Type           Power      Damage    Failure   Level
 Kiss of Death            Conj/Necr      100%       2d13      1%          1
 Cigotuvi's Dreadful Rot  Necr/Pois/Air  44%        N/A       2%          2
 Agony                    Necr           50%        N/A       2%          5
 Shock                    Conj/Air       32%        1d5       9%          1
 Anguish                  Hex/Necr       14%        N/A       9%          4
 Blink                    Tloc           16%        N/A       12%         2
 Lesser Beckoning         Tloc           16%        N/A       12%         2
 Momentum Strike          Conj/Tloc      16%        3d8       12%         2
 Confusing Touch          Hex            8%         N/A       24%         3
 Swiftness                Air            8%         N/A       24%         3
 Borgnjor's Vile Clutch   Necr/Erth      14%        N/A       24%         5
 Airstrike                Air            4%         2d(1-17)  63%         4
 Petrify                  Tmut/Erth      8%         N/A       63%         4
 Simulacrum               Ice/Necr       14%        N/A       78%         6
 Irradiate                Conj/Tmut      4%         3d13      92%         5
 Iskenderun's Battlesphe  Conj           8%         2d6       92%         5
 Infestation              Necr           25%        N/A       99%         8
 Leda's Unmaking          Conj/Erth      4%         9d2       100%        6
 Haunt                    Necr/Summ      14%        N/A       100%        7
 Spellforged Servitor     Conj/Summ      4%         N/A       100%        7


Dungeon Overview and Level Annotations

Branches:
Dungeon (10/15)            Temple (1/1) D:4            Lair (0/5) D:9
    Orc: D:9-12

Altars:
Ashenzari
Cheibriados
Dithmenos
Fedhas
Gozag
Hepliaklqana
Kikubaaqudgha
Makhleb
Nemelex Xobeh
Okawaru
Qazlal
Ru
Sif Muna
Trog
Uskayaw
Vehumet
Wu Jian
Xom
Yredelemnul

Shops:
D:5 [([(:   D:6 =   D:10 *


Innate Abilities, Weirdness & Mutations

You have a pair of small antennae on your head.
You regenerate a little health from kills.
When seriously injured, your blood forms very thick armour. (AC +12)


Message History

Aiming: Vampiric Draining (safe; 1% risk of failure)
Press: ? - help, Shift-Dir - straight line, f/p - hornet
Aim: a hornet (lightly wounded)
You draw life force from the hornet!
You feel life coursing into your body.
You feel very sick. The hornet stings you.
You are more poisoned.
You feel as though you will be slow longer.
The yak gores your yak zombie! x2
Your yak zombie is destroyed!
The hornet stings you!
Your blood congeals into armour.
You are more poisoned.
You suddenly lose the ability to move!
You feel extremely sick.
The hornet stings you but does no damage.
The yak gores you.
You feel very sick.
The hornet stings you but does no damage.
The yak gores you but does no damage. The yak barely misses you.
The hornet stings you!
You feel as though you will be slow longer.
You can move again.
Unknown command.
Unknown command.
Unknown command.
Unknown command.
It was a potion of enlightenment.
You feel very buoyant.
You fly up into the air.
You feel extremely sick. The hornet closely misses you. The yak gores you.
* * * LOW HITPOINT WARNING * * *
The yak gores you.
* * * LOW HITPOINT WARNING * * *
The hornet stings you.
* * * LOW HITPOINT WARNING * * *
You feel as though you will be slow longer.
The yak gores you.
You die...
Kikubaaqudgha rasps: "You have failed me!
Welcome... death!"

#.. .... ######
##....
##.#..###.>....
###............
#<............. .
#.........y# ....
##.......@Y#.....
#.........Y.....#
##....###...†..##
#..............#
##..#......###.#
####.......##...#
..
#.......#!...##.#
#................#
#......##..#....##


You could see 2 yaks and a hornet.

Vanquished Creatures
  A komodo dragon (D:9)
  A troll (D:8)
  A hornet (D:8)
  5 yaks (D:10)
  4 wyverns
  3 steam dragons
  2 basilisks (D:9)
  A wraith (D:8)
  An acid dragon (D:9)
  Edmund (D:4)
  2 sky beasts
  5 water moccasins
  An ice beast (D:5)
  2 orc warriors
  An ogre (D:4)
  2 phantoms (D:5)
  A centaur (D:10)
  A kobold brigand (D:6)
  4 bullfrogs
  3 gnoll sergeants
  3 scorpions
  5 wights (D:7)
  8 killer bees (D:9)
  3 jellies
  3 gnoll boudas
  5 orc priests
  3 hounds
  Jessica (D:2)
  Natasha (thrice) (D:2)
  3 sleepcaps
  2 iguanas (D:5)
  11 orc wizards
  23 gnolls
  5 adders
  2 shadow imps
  An ufetubus (D:7)
  4 worms
  4 dart slugs
  40 orcs
  5 endoplasms
  2 giant cockroaches (D:4)
  5 goblins
  8 hobgoblins
  13 jackals
  6 kobolds
  2 quokkas (D:2)
  6 ball pythons
  5 bats
  A frilled lizard (D:2)
  7 rats
231 creatures vanquished.

Vanquished Creatures (collateral kills)
  Prince Ribbit (D:8)
  A yak (D:10)
  A killer bee (D:9)
  3 howler monkeys
  An orc priest (D:9)
  An orc wizard (D:9)
  A gnoll (D:7)
  3 orcs (D:6)
  2 endoplasms
  A hobgoblin (D:1)
  A frilled lizard (D:2)
16 creatures vanquished.

Vanquished Creatures (others)
  A wyvern zombie (D:9)
  A water moccasin zombie (D:8)
  4 yak zombies (D:10)
  2 bullfrog zombies (D:6)
  2 orc wizards
  2 scorpion zombies (D:6)
  A killer bee zombie (D:9)
  3 kobold zombies (D:6)
  A howler monkey zombie (D:9)
  8 gnoll zombies
  10 orc zombies
35 creatures vanquished.

Grand Total: 282 creatures vanquished

Notes
Turn   | Place    | Note
-------+----------+-------------------------------------------
     0 | D:1      | BubbleThief the Demonspawn Necromancer began the quest for
                  | the Orb.
     0 | D:1      | Reached XP level 1. HP: 13/13 MP: 3/3
   337 | D:2      | Gained mutation: You regenerate a little health from kills.
                  | [demonic ancestry]
   337 | D:2      | Reached XP level 2. HP: 19/19 MP: 1/5
   502 | D:2      | Noticed Natasha
   508 | D:2      | Killed Natasha
   509 | D:2      | Reached skill level 5 in Necromancy
   509 | D:2      | Gained mutation: When seriously injured, your blood forms
                  | armour. (AC +12) [demonic ancestry]
   509 | D:2      | Reached XP level 3. HP: 22/24 MP: 0/6
  1193 | D:1      | Gained mutation: When seriously injured, your blood forms
                  | thick armour. (AC +12) [demonic ancestry]
  1193 | D:1      | Reached XP level 4. HP: 30/30 MP: 4/8
  1893 | D:2      | Noticed Natasha
  1900 | D:2      | Killed Natasha
  1905 | D:2      | Learned a level 3 spell: Vampiric Draining
  2051 | D:2      | Reached skill level 6 in Necromancy
  2054 | D:2      | Noticed Natasha
  2071 | D:2      | Killed Natasha
  2156 | D:2      | Noticed Jessica
  2160 | D:2      | Killed Jessica
  2161 | D:2      | Reached XP level 5. HP: 36/36 MP: 5/9
  2511 | D:3      | Reached skill level 1 in Fighting
  2721 | D:3      | Learned a level 4 spell: Animate Dead
  2724 | D:3      | Learned a level 2 spell: Sublimation of Blood
  2838 | D:3      | Found a faded altar of an unknown god.
  2967 | D:3      | Found an opulent altar of Gozag.
  3198 | D:4      | Noticed an ogre
  3205 | D:4      | Killed an ogre
  3206 | D:4      | Reached XP level 6. HP: 44/44 MP: 4/11
  3349 | D:4      | Reached skill level 7 in Necromancy
  3520 | D:4      | Found a staircase to the Ecumenical Temple.
  3528 | Temple   | Entered the Ecumenical Temple
  3637 | Temple   | Became a worshipper of Kikubaaqudgha
  3777 | D:4      | Noticed Edmund
  3785 | D:4      | Killed Edmund
  3918 | D:4      | Gained mutation: When seriously injured, your blood forms
                  | very thick armour. (AC +12) [demonic ancestry]
  3918 | D:4      | Reached XP level 7. HP: 51/51 MP: 4/13
  4517 | D:5      | Entered Level 5 of the Dungeon
  4529 | D:5      | Found Veofadgh's Armour Shoppe.
  4532 | D:5      | Found Lodoxuar's Weapon Boutique.
  4736 | D:5      | Reached skill level 8 in Necromancy
  4896 | D:5      | Reached * piety under Kikubaaqudgha
  4896 | D:5      | Received a gift from Kikubaaqudgha
  5007 | D:5      | Found Qaroest's Book Shop.
  5012 | D:5      | Found Sopamaiph's Weapon Boutique.
  5239 | D:5      | Found Ytzo's Antique Armour Shoppe.
  5270 | D:5      | Reached XP level 8. HP: 38/60 MP: 15/15
  5434 | D:5      | Reached skill level 9 in Necromancy
  5647 | D:5      | Reached skill level 5 in Spellcasting
  6344 | D:6      | Identified the amulet of No Interval {RegenMP *Corrode
                  | rF+++ rC- Int+4}
  6454 | D:6      | Reached skill level 5 in Fighting
  6978 | D:6      | Reached ** piety under Kikubaaqudgha
  7076 | D:6      | Found Equrphit's Jewellery Shop.
  7163 | D:6      | Reached XP level 9. HP: 40/69 MP: 5/18
  8090 | D:6      | Found a sparkling altar of Nemelex Xobeh.
  8338 | D:6      | Learned a level 4 spell: Dispel Undead
  8870 | D:7      | Found a shadowy altar of Dithmenos.
  8871 | D:7      | Found a hide-covered altar of Uskayaw.
  8873 | D:7      | Found a broken altar of Ashenzari.
  8876 | D:7      | Found a stormy altar of Qazlal.
  9716 | D:8      | Gained mutation: You have a pair of small antennae on your
                  | head. [demonic ancestry]
  9716 | D:8      | Reached XP level 10. HP: 73/82 MP: 8/22
 10394 | D:8      | Noticed Prince Ribbit
 10406 | D:8      | Killed Prince Ribbit
 10659 | D:9      | Reached *** piety under Kikubaaqudgha
 10659 | D:9      | Received a gift from Kikubaaqudgha
 10804 | D:9      | Reached skill level 10 in Necromancy
 11070 | D:9      | Reached skill level 1 in Polearms
 11831 | D:9      | Found a staircase to the Lair.
 12386 | D:10     | Entered Level 10 of the Dungeon
 12386 | D:10     | Found Esupsy's Assorted Antiques.
 12439 | D:10     | Reached skill level 11 in Necromancy
 12488 | D:10     | Paralysed by a hornet for 3 turns
 12491 | D:10     | Slain by a yak

Illustrated notes

Levels and vault maps discovered:
D:1:      co_arrival_two_rings, layout_basic, serial_park_tiny_1,
          minmay_box_of_dots
D:2:      layout_loops_cross, uniq_jessica, uniq_natasha
D:3:      layout_basic, lemuel_doored_altar, basic_ecumenical_altar
D:4:      layout_loops_ring, minmay_temple_entry_arrows, serial_aquarium,
          aquarium_bridge_square [aquarium_subvault_bridge,
          aquarium_subvault_wall, aquarium_subvault_wall,
          aquarium_subvault_bridge], aquarium_bridge_square
          [aquarium_subvault_bridge, aquarium_subvault_window,
          aquarium_subvault_window, aquarium_subvault_wall], aquarium_window_1,
          aquarium_window_corridor_1, aquarium_view_2c, aquarium_balcony_3b,
          minmay_misc_feat_iff, uniq_edmund
D:5:      layout_basic, serial_shops, nicolae_shop_bloodbath_and_beyond, shop,
          shop, shop, shop, chequers_garden, serial_bayou_pond_b,
          kennysheep_boxes
D:6:      layout_basic, mainiacjoe_overflow_alcove_1, serial_shops,
          nicolae_shop_hallway_plus, minmay_circle_x
D:7:      layout_loops_cross, grunt_temple_overflow_cloverleaf, serial_rivers,
          chequers_serial_rivers_micro_c, chequers_serial_rivers_micro_e,
          chequers_serial_rivers_micro_b, chequers_serial_rivers_marsh
D:8:      layout_loops_ring, uniq_prince_ribbit1
D:9:      layout_small_grid, erik_lair_dragon, minivault_26, minivault_26
D:10:     layout_cave_pools, serial_shops, shop, nicolae_inconvenience_store,
          nicolae_shop_hallway_plus, nicolae_shop_overgrown_old_shop,
          serial_park, serial_park_gazebo [serial_park_minivault_5x5_5],
          serial_park_tiny_pond, minmay_fractal_squares_5
Temple:   regret_index_temple_sphere_string

Skill      XL: |  1  2  3  4  5  6  7  8  9 10 |
---------------+-------------------------------+-----
Necromancy     | 5 6 7 8 9 11 | 11.0
Spellcasting   | 3 4 6 8 9 |  9.0
Fighting       | 1 2 3 6 8 9 |  9.0
Polearms       | 4 |  4.1
Dodging        | 3 |  3.8
Stealth        | |  1.7

Action                     |  1- 3 |  4- 6 |  7- 9 | 10-12 || total
---------------------------+-------+-------+-------+-------++-------
  Melee: Unarmed           |     5 |       |       |       ||     5
         Dagger            |    10 |       |       |       ||    10
         Mace              |     4 |     2 |       |       ||     6
         Flail             |       |       |   140 |       ||   140
         Dire flail        |       |       |    13 |    23 ||    36
         Punch             |       |       |     1 |     1 ||     2
         Trident           |       |       |       |    85 ||    85
   Fire: Sling             |       |    56 |       |       ||    56
   Cast: Necrotise         |    59 |    71 |   191 |    25 ||   346
         Vampiric Draining |       |     2 |    45 |    53 ||   100
         Animate Dead      |       |       |     5 |     6 ||    11
         Dispel Undead     |       |       |     7 |       ||     7
         Sublimation of Bl |       |       |     1 |       ||     1
  Evoke: Condenser vane    |       |       |       |     1 ||     1
    Use: Potion            |       |       |       |     1 ||     1
   Stab: Distracted        |     1 |       |       |     1 ||     2
 Armour: Robe              |     5 |     8 |    72 |       ||    85
         Steam dragon scal |       |       |    29 |    61 ||    90
  Dodge: Dodged            |    36 |    24 |   212 |   104 ||   376

Table legend: (Time is in decaauts)
 A = Elapsed time spent in this place.
 B = Non-inter-level travel time spent in this place.
 C = Inter-level travel time spent in this place.
 D = Time resting spent in this place.
 E = Time spent auto-exploring this place.
 F = Levels seen in this place.
 G = Mean time per level.
                   A        B        C        D        E       F      G
               +--------+--------+--------+--------+--------+-----+--------+
         Total |  12676 |  12391 |    285 |    417 |   9757 |  11 | 1152.4 |
       Dungeon |  12545 |  12281 |    264 |    417 |   9666 |  10 | 1254.5 |
        Temple |    131 |    110 |     21 |      0 |     91 |   1 |  131.0 |
               +--------+--------+--------+--------+--------+-----+--------+

Top non-repeatable levels by time:
     D:6: 1885 daAuts
     D:9: 1829 daAuts
     D:5: 1821 daAuts
     D:1: 1348 daAuts
     D:7: 1314 daAuts
     D:4: 1218 daAuts
     D:8: 1177 daAuts
     D:2: 1037 daAuts
     D:3: 817 daAuts
  Temple: 131 daAuts
    D:10: 96 daAuts
